AoeStats
← Striker2002

Black Forest

506453342Analyzed
2v2 RM · 19d ago on Sep 13, 2026· 85m 15s· 4 players
Game mode
Random Map
Map size
Medium (4 player)
Population
200
Speed
Normal
Resources
Standard
Victory
Conquest
Starting age
Dark Age
Ending age
Imperial Age
RankedLock teamsTeams togetherTeam positionsShared explorationLock speedFull tech treeHidden civsTurbo modeCheats
Victory
Defeat
🇫🇷 Magyars · France
798
+14
🇰🇪 Khmer · Kenya
657
+19
🇪🇸 Khmer · Spain
754
-17
🇪🇸 Bohemians · Spain
721
-16
nilcot2
12:50 Feudal Age
15:34 Castle Age
14:43 Stone Mining
14:41 Horse Collar
15:05 Double-Bit Axe
17:54 Wheelbarrow
17:08 Loom
24:29 Bow Saw
31:15 Hand Cart
30:46 Town Watch
31:15 Heavy Plow
32:57 Caravan
40:08 Imperial Age
37:39 Town Patrol
41:02 Tusk Swords
40:25 Elite Ballista Elephant
41:51 Double Crossbow
44:49 Padded Archer Armor
44:40 Fletching
45:14 Ballistics
45:10 Fortified Wall
45:11 Masonry
46:02 Chemistry
45:16 Fortified Wall
45:12 Siphons
45:25 Masonry
44:43 Light Cavalry
47:06 Bloodlines
47:52 Hussar
57:12 Scale Barding Armor
57:22 Leather Archer Armor
57:03 Bodkin Arrow
63:42 Capped Ram
64:40 Siege Ram
77:32 Chain Barding Armor
77:43 Ring Archer Armor
77:13 Bracer
77:19 Husbandry
77:41 Tusk Swords
77:20 Elite Battle Elephant
Striker2002
0:28 Loom
13:36 Feudal Age
21:03 Castle Age
25:32 Forging
25:24 Scale Mail Armor
27:40 Chemistry
28:03 Squires
30:01 Horse Collar
30:11 Double-Bit Axe
31:06 Wheelbarrow
29:53 Pikeman
32:02 Heavy Plow
31:52 Treadmill Crane
37:01 Ballistics
37:43 Fervor
40:31 Imperial Age
38:34 Hand Cart
38:05 Town Watch
38:33 Bow Saw
40:19 Murder Holes
40:38 Masonry
41:56 Town Patrol
43:05 Two-Man Saw
42:35 Siege Engineers
43:32 Houfnice
46:13 Halberdier
46:39 Arson
50:07 Conscription
50:39 Architecture
51:03 Wagenburg Tactics
55:37 Elite Hussite Wagon
57:30 Iron Casting
57:10 Chain Mail Armor
56:46 Fletching
56:57 Padded Archer Armor
59:56 Fortified Wall
59:34 Arrowslits
61:15 Blast Furnace
60:45 Plate Mail Armor
60:11 Bodkin Arrow
60:31 Leather Archer Armor
70:02 Bracer
70:33 Ring Archer Armor
69:56 Guard Tower
Pouni
3:07 Loom
12:05 Feudal Age
12:49 Double-Bit Axe
12:46 Horse Collar
20:42 Castle Age
20:08 Stone Mining
20:09 Gold Mining
21:16 Scale Mail Armor
22:15 Town Watch
22:15 Loom
22:45 Caravan
23:04 Arson
23:29 Scale Barding Armor
23:19 Fletching
24:55 Bow Saw
25:35 Wheelbarrow
27:45 Man-at-Arms
27:47 Pikeman
30:09 Man-at-Arms
31:19 Chain Mail Armor
30:59 Long Swordsman
33:50 Hand Cart
36:28 Bodkin Arrow
36:34 Padded Archer Armor
36:49 Fervor
40:12 Imperial Age
39:18 Chain Barding Armor
39:57 Town Patrol
40:10 Treadmill Crane
40:51 Ballistics
40:29 Murder Holes
40:40 Husbandry
40:59 Bloodlines
42:03 Thumb Ring
41:19 Crossbowman
42:38 Conscription
43:05 Arbalester
43:09 Elite Skirmisher
44:27 Guard Tower
45:38 Chemistry
45:17 Plate Barding Armor
44:43 Bracer
44:58 Leather Archer Armor
44:09 Halberdier
45:18 Corvinian Army
46:43 Elite Magyar Huszar
50:24 Parthian Tactics
50:23 Heavy Cavalry Archer
53:20 Ring Archer Armor
52:34 Heavy Cavalry Archer
53:22 Recurve Bow
60:29 Heavy Plow
72:44 Light Cavalry
75:26 Hussar
jorh.choxxy
0:52 Loom
16:36 Feudal Age
20:22 Castle Age
18:21 Town Watch
18:57 Double-Bit Axe
18:57 Horse Collar
23:24 Caravan
24:01 Heavy Plow
28:22 Pikeman
28:24 Man-at-Arms
28:51 Arson
33:35 Wheelbarrow
33:44 Wheelbarrow
36:47 Imperial Age
35:11 Husbandry
35:22 Bloodlines
34:34 Light Cavalry
38:34 Conscription
37:42 Long Swordsman
39:50 Bow Saw
39:36 Stone Mining
39:37 Gold Mining
40:41 Scale Mail Armor
41:35 Crop Rotation
41:36 Cavalier
41:41 Hussar
42:28 Heavy Scorpion
42:38 Capped Ram
43:38 Siege Ram
45:14 Halberdier
45:40 Elite Battle Elephant
47:48 Scale Barding Armor
47:59 Chain Mail Armor
47:56 Forging
47:47 Padded Archer Armor
48:18 Onager
50:19 Chemistry
49:31 Fortified Wall
49:17 Murder Holes
55:41 Hand Cart
59:16 Elite Ballista Elephant
59:58 Tusk Swords
68:03 Ballistics
Connection lost

Rejoining the realm…

Still unreachable

The connection could not be restored.

Session expired

The server has moved on; the page needs a fresh start.